 Dungeon Crawl Stone Soup version 0.23.2-1-ga50397a (webtiles) character file.

Game seed: 8246066002179656739

17950 Fang the Fighter (level 12, -7/80 HPs)
             Began as a Gargoyle Berserker on May 31, 2019.
             Was an Elder of Trog.
             Mangled by a titanic slime creature (87 damage)
             ... on level 10 of the Dungeon.
             The game lasted 00:12:04 (9487 turns).

Fang the Fighter (Gargoyle Berserker)               Turns: 9487, Time: 00:12:05

Health: -7/80      AC: 29    Str: 26    XL:     12   Next: 53%
Magic:  12/12      EV: 17    Int:  8    God:    Trog [****..]
Gold:   419        SH:  0    Dex:  9    Spells: 11/11 levels left

rFire    . . .     SeeInvis .   n - +8 war axe
rCold    . . .     Gourm    .   (no shield)
rNeg     + . .     Faith    .   b - +2 plate armour
rPois    ∞         Spirit   .   (no helmet)
rElec    +         Reflect  .   (no cloak)
rCorr    +         Harm     .   (no gloves)
MR       .....                  j - +2 pair of boots
Stlth    ..........             (no amulet)
HPRegen  0.23/turn              x - ring of resist corrosion
MPRegen  0.13/turn              i - +6 ring of evasion

@: no status effects
A: negative energy resistance 1, electricity resistance, unbreathing,
petrification resistance, rot immunity, AC +8
a: Berserk, Trog's Hand, Brothers in Arms, Renounce Religion


You were on level 10 of the Dungeon.
You worshipped Trog.
Trog was greatly pleased with you.
You were not hungry.

You visited 2 branches of the dungeon, and saw 13 of its levels.

You collected 419 gold pieces.

Inventory:

Hand Weapons
 n - a +8 war axe (weapon)
 B - a +1 antimagic battleaxe
Armour
 b - a +2 plate armour (worn)
 j - a +2 pair of boots (worn)
Jewellery
 h - an uncursed ring of protection from cold
 i - a +6 ring of evasion (right hand)
 x - a ring of resist corrosion (left hand)
Wands
 a - a wand of acid (10)
 d - a wand of clouds (6)
 l - a wand of digging (4)
 y - a wand of flame (12)
 C - a wand of iceblast (6)
Scrolls
 k - 3 scrolls of teleportation
 p - 2 scrolls of remove curse
 q - 2 scrolls of blinking
 u - 5 scrolls of identify
 z - a scroll of fog
Potions
 e - 3 potions of ambrosia
 f - 3 potions of heal wounds
 g - 2 potions of haste
 m - 7 potions of curing
 o - 3 potions of mutation
 r - a potion of agility
 s - 2 potions of cancellation
 t - 2 potions of flight
 v - 2 potions of might
 D - a potion of invisibility
Comestibles
 c - 23 rations
 w - 15 chunks of flesh


   Skills:
 + Level 11.5 Fighting
 + Level 9.8 Axes
 + Level 11.2 Armour
 + Level 8.8 Dodging


You had 11 spell levels left.
You didn't know any spells.
Your spell library was empty.

Dungeon Overview and Level Annotations

Branches:
Dungeon (12/15)            Temple (1/1) D:7             Orc (0/2) D:11
   Lair: D:8-11

Altars:
Ashenzari
Dithmenos
Gozag
Hepliaklqana
Makhleb
Nemelex Xobeh
Okawaru
Ru
Sif Muna
Trog
Vehumet
Wu Jian
Xom
Yredelemnul
The Shining One

Shops:
D:5 *   D:8 ?:

Annotations:
D:6 exclusion: oklob plant


Innate Abilities, Weirdness & Mutations

You are resistant to torment.
Your stone body is resilient. (AC +8)
You are immune to poison.
You resist negative energy. (rN+)
You are resistant to electric shocks. (rElec)
You can survive without breathing.
You are immune to petrification.
You are immune to rotting.


Message History

The slime creature hits you but does no damage.
Two slime creatures merge to form a titanic slime creature.
You slash the slime creature!
The slime creature is severely wounded.
The slime creature hits you but does no damage.
You slash the slime creature!
You kill the slime creature!
Trog accepts your kill.
Found a scroll of identify.
You slash the titanic slime creature!
The titanic slime creature is lightly wounded.
The titanic slime creature misses you.
You slice the titanic slime creature!!
The titanic slime creature is lightly wounded.
The titanic slime creature hits you but does no damage.
You slash the titanic slime creature!
The titanic slime creature is lightly wounded.
The titanic slime creature hits you!!!!
Ouch! That really hurt!
You die...

#.......# #.......#
####.......#
...........#
####.......# #.......#
#[......##
###......#########... #
#))........@J.....?
######.################.
.......# ......>#
#####.## #.# #.# #.# #.#


You could see a titanic slime creature.

Vanquished Creatures
  A centaur warrior (D:12)
  Erica (D:9)
  3 two-headed ogres
  An ugly thing (D:11)
  Joseph (D:9)
  A cyclops (D:11)
  3 gargoyles
  A kobold demonologist (D:12)
  4 trolls
  Grinder (D:4)
  A slime creature (D:10)
  A meliai zombie (D:11)
  6 hippogriffs
  15 yaks (D:11)
  Sigmund (D:6)
  A spriggan (D:7)
  A wraith (D:10)
  2 wyverns
  8 vampire mosquitoes (D:12)
  Grum (D:9)
  Menkaure (D:6)
  A hungry ghost (D:7)
  A warg (D:11)
  A sky beast (D:8)
  2 ice beasts
  4 orc warriors
  2 hornet zombies
  2 wolves (D:9)
  4 ogres
  3 phantoms
  A centaur (D:7)
  2 crocodiles
  4 big kobolds
  7 bullfrogs
  A wyvern zombie (D:6)
  A water moccasin skeleton (D:6)
  4 scorpions
  5 killer bees (D:10)
  4 wights (D:11)
  3 howler monkeys
  6 crimson imps
  A bullfrog zombie (D:6)
  4 hounds
  3 jellies
  2 orc priests
  3 centaur zombies
  8 orc wizards
  7 worker ants
  4 iguanas
  Natasha (thrice) (D:3)
  A killer bee zombie (D:5)
  7 gnolls (D:4)
  7 adders
  2 shadow imps
  4 oozes
  4 adder skeletons
  2 adder zombies
  A worm (D:2)
  3 dart slugs
  2 leopard geckos
  30 orcs
  2 ball pythons
  5 bats
  7 giant cockroaches
  3 goblins
  3 hobgoblins
  2 jackals (D:1)
  12 kobolds
  2 quokkas
  2 frilled lizards
  2 jackal skeletons
  A jackal zombie (D:6)
  2 leopard gecko skeletons (D:8)
  A leopard gecko zombie (D:7)
  A quokka zombie (D:6)
  2 rats
258 creatures vanquished.

Vanquished Creatures (collateral kills)
  A hydra (D:11)
1 creature vanquished.

Vanquished Creatures (others)
  A plant (D:6)
1 creature vanquished.

Grand Total: 260 creatures vanquished

Notes
Turn   | Place    | Note
-------+----------+-------------------------------------------
     0 | D:1      | Fang the Gargoyle Berserker began the quest for the Orb.
     0 | D:1      | Reached XP level 1. HP: 14/14 MP: 1/1
   163 | D:1      | Reached XP level 2. HP: 18/19 MP: 2/2
   514 | D:1      | Reached XP level 3. HP: 23/23 MP: 3/3
   908 | D:2      | Reached ** piety under Trog
  1635 | D:3      | Reached XP level 4. HP: 29/29 MP: 4/4
  1927 | D:3      | Noticed Natasha
  1937 | D:3      | Killed Natasha
  1976 | D:3      | Reached XP level 5. HP: 28/33 MP: 5/5
  1986 | D:3      | Noticed Natasha
  1995 | D:3      | Killed Natasha
  2084 | D:3      | Noticed Natasha
  2094 | D:3      | Killed Natasha
  2337 | D:4      | Noticed a phantom
  2350 | D:4      | Killed a phantom
  2350 | D:4      | Reached XP level 6. HP: 39/39 MP: 6/6
  2478 | D:4      | Noticed Grinder
  2484 | D:4      | Paralysed by Grinder for 4 turns
  2490 | D:4      | Paralysed by Grinder for 2 turns
  2496 | D:4      | Paralysed by Grinder for 5 turns
  2504 | D:4      | Killed Grinder
  2504 | D:4      | Reached skill level 5 in Fighting
  2504 | D:4      | Reached XP level 7. HP: 28/44 MP: 7/7
  2983 | D:5      | Entered Level 5 of the Dungeon
  2997 | D:5      | Found Hygymn's Assorted Antiques.
  3037 | D:5      | Reached *** piety under Trog
  3074 | D:5      | Reached skill level 5 in Armour
  3092 | D:5      | Reached XP level 8. HP: 51/51 MP: 8/8
  3130 | D:5      | Reached skill level 5 in Axes
  3244 | D:5      | Found a basalt altar of Yredelemnul.
  3247 | D:5      | Found an iron altar of Okawaru.
  3254 | D:5      | Found a shattered altar of Ashenzari.
  3304 | D:5      | Found a deep blue altar of Sif Muna.
  3304 | D:5      | Found a bloodstained altar of Trog.
  3305 | D:5      | Found a shimmering altar of Xom.
  3305 | D:5      | Found a sacrificial altar of Ru.
  3306 | D:5      | Found an ornate altar of the Wu Jian Council.
  3307 | D:5      | Found a shadowy altar of Dithmenos.
  3584 | D:6      | Noticed Menkaure
  3591 | D:6      | Killed Menkaure
  3626 | D:6      | Noticed a hippogriff
  3635 | D:6      | Killed a hippogriff
  3647 | D:6      | Reached XP level 9. HP: 39/56 MP: 9/9
  3832 | D:6      | Reached skill level 5 in Dodging
  3981 | D:6      | Found a burning altar of Makhleb.
  3981 | D:6      | Noticed an oklob plant
  4152 | D:6      | Noticed Sigmund
  4164 | D:6      | Killed Sigmund
  4292 | D:7      | Found a staircase to the Ecumenical Temple.
  4356 | Temple   | Entered the Ecumenical Temple
  4990 | D:8      | Reached **** piety under Trog
  5005 | D:8      | Found an opulent altar of Gozag.
  5006 | D:8      | Found a sparkling altar of Nemelex Xobeh.
  5106 | D:8      | Found Maeseif's Book Boutique.
  5321 | D:8      | Reached XP level 10. HP: 64/64 MP: 10/10
  5362 | D:8      | Found a burning altar of Makhleb.
  5362 | D:8      | Found a radiant altar of Vehumet.
  5471 | D:8      | Found Usexo's Magic Scroll Emporium.
  5744 | D:9      | Noticed Erica
  5761 | D:9      | Killed Erica
  6107 | D:9      | Noticed Joseph
  6120 | D:9      | Killed Joseph
  6136 | D:9      | Noticed Grum
  6141 | D:9      | Noticed a two-headed ogre
  6151 | D:9      | Killed a two-headed ogre
  6155 | D:9      | Killed Grum
  6514 | D:9      | You fall through a shaft for 3 floors!
  6515 | D:12     | Noticed a gargoyle
  6523 | D:12     | Killed a gargoyle
  6611 | D:12     | Noticed a kobold demonologist
  6612 | D:12     | Reached XP level 11. HP: 52/71 MP: 11/11
  6629 | D:12     | Noticed a soul eater
  6769 | D:12     | Reached ***** piety under Trog
  6885 | D:12     | Reached skill level 10 in Fighting
  7232 | D:12     | Noticed a centaur warrior
  7241 | D:12     | Killed a centaur warrior
  7393 | D:12     | Noticed a two-headed ogre
  7403 | D:12     | Killed a two-headed ogre
  7403 | D:12     | Reached skill level 10 in Armour
  7921 | D:11     | Received a gift from Trog
  7940 | D:11     | Found a staircase to the Orcish Mines.
  8146 | D:11     | Reached XP level 12. HP: 70/79 MP: 12/12
  8188 | D:11     | Noticed an eight-headed hydra
  8204 | D:11     | Killed an 11-headed hydra
  8634 | D:11     | Noticed a two-headed ogre
  8642 | D:11     | Killed a two-headed ogre
  9340 | D:10     | Entered Level 10 of the Dungeon
  9487 | D:10     | Mangled by a titanic slime creature

Skill      XL: |  1  2  3  4  5  6  7  8  9 10 11 12 |
---------------+-------------------------------------+-----
Axes           | 3 4 5 6 8 9 |  9.8
Dodging        | 2 3 4 5 7 8 |  8.8
Armour         | 3 4 5 6 7 9 10 11 | 11.2
Fighting       | 4 5 6 8 9 10 11 | 11.5

Action                   |  1- 3 |  4- 6 |  7- 9 | 10-12 || total
-------------------------+-------+-------+-------+-------++-------
Melee: Hand axe          |    67 |       |       |       ||    67
       War axe           |    50 |   111 |   248 |   429 ||   838
Invok: Berserk           |       |     1 |     1 |     7 ||     9
       Brothers in Arms  |       |       |       |     2 ||     2
       Trog's Hand       |       |       |       |     1 ||     1
  Use: Scroll            |       |       |    26 |     8 ||    34
 Stab: Sleeping          |     2 |       |       |       ||     2
  Eat: Chunk             |     2 |     4 |    14 |    17 ||    37
       Ration            |       |       |       |     1 ||     1
Armor: Animal skin       |    24 |       |       |       ||    24
       Plate armour      |    73 |    86 |   156 |   266 ||   581
Dodge: Dodged            |    64 |    54 |   198 |   437 ||   753
